 Dungeon Crawl Stone Soup version 0.27.1-4-g1640c2035a (webtiles) character file.

Game seed: 5157964049624743583

47 Icepheonix32 the Insei (level 3, -1/27 HPs)
             Began as a Demonspawn Transmuter on Nov 2, 2021.
             Slain by a phantom (7 damage)
             ... on level 3 of the Dungeon.
             The game lasted 00:01:32 (1069 turns).

Icepheonix32 the Insei (Demonspawn Transmuter)      Turns: 1069, Time: 00:01:33

Health: -1/27      AC:  4    Str: 11    XL:     3   Next: 48%
Magic:  5/6        EV: 12    Int: 14    God:
Gold:   23         SH:  0    Dex: 13    Spells: 3/6 levels left

rFire    . . .     SeeInvis .     - Unarmed
rCold    . . .     Faith    .   (no shield)
rNeg     . . .     Spirit   .   a - +0 robe
rPois    .         Reflect  .   (helmet currently unavailable)
rElec    .         Harm     .   (no cloak)
rCorr    .         Rampage  .   (no gloves)
Will     .....                  (boots currently unavailable)
Stlth    +.........             (no amulet)
HPRegen  0.09/turn              (no ring)
MPRegen  0.10/turn              (no ring)

@: appendages (expiring)
A: horns 2, hooves 1, icy blue scales 1
a: End Transformation


You were on level 3 of the Dungeon.
You had temporarily grown beastly horns.
You visited 1 branch of the dungeon, and saw 4 of its levels.

You collected 23 gold pieces.

Inventory:

Hand Weapons
 f - a +2 falchion of electrocution
Missiles
 g - 13 poisoned darts
Armour
 a - a +0 robe (worn)
Jewellery
 e - a ring of protection from cold
Scrolls
 c - 2 scrolls of teleportation {unknown}


   Skills:
 * Level 1.7 Fighting
 * Level 2.0 Dodging
 + Level 0.6 Stealth
 * Level 3.3 Unarmed Combat
 + Level 2.2 Spellcasting
 + Level 1.9 Transmutations


You had 3 spell levels left.
You knew the following spells:

 Your Spells              Type           Power      Damage    Failure   Level
a - Beastly Appendage     Tmut           14%        N/A       11%         1
b - Wereblood             Tmut           7%         N/A       16%         2

Your spell library contained the following spells:

 Spells                   Type           Power      Damage    Failure   Level
 Blink                    Tloc           N/A        N/A       34%         2
 Spider Form              Tmut/Pois      2%         N/A       43%         3
 Lesser Beckoning         Tloc           0%         N/A       56%         3
 Ice Form                 Ice/Tmut       4%         N/A       83%         4
 Manifold Assault         Tloc           1%         N/A       100%        5


Dungeon Overview and Level Annotations

Branches:
Dungeon (4/15)
 Temple: D:4-7

Altars:

Shops:
D:4 !

Annotations:
D:3 Sigmund


Innate Abilities, Weirdness & Mutations

You have temporarily grown beastly horns.
You have large cloven feet.
You are partially covered in icy blue scales. (AC +2)


Message History

Unknown command.
It was a potion of curing.
You feel better. The phantom barely misses you.
You hit the phantom. Your kick misses the phantom.
The phantom is moderately damaged.
The phantom hits you but does no damage.
You barely miss the phantom.
The phantom is moderately damaged.
The phantom closely misses you.
You hit the phantom.
The phantom is heavily damaged.
The phantom hits you.
The phantom blinks!
You blink.
You hit the phantom.
The phantom is heavily damaged.
The phantom hits you.
Casting: Beastly Appendage (safe; 11% risk of failure)
Confirm with . or Enter, or press ? or * to list all spells.
You grow a pair of large bovine horns.
The phantom barely misses you.
You hit the phantom but do no damage.
The phantom is heavily damaged.
The phantom hits you.
You closely miss the phantom.
The phantom is heavily damaged.
The phantom misses you.
You hit the phantom. Your kick misses the phantom.
The phantom is heavily damaged.
The phantom hits you!
* * * LOW HITPOINT WARNING * * *
The phantom blinks!
You blink.
You aren't carrying any potions.
As you read the scroll labelled HUOTE EKAUNOL, it crumbles to dust.
The scroll dissolves into smoke.
It was a scroll of fog.
The phantom closely misses you.
You hit the phantom.
The phantom is severely damaged.
The phantom hits you but does no damage.
You closely miss the phantom.
The phantom is severely damaged.
Your transformation is almost over.
The phantom hits you!
You die...

#...# #...#
#...# #...#
#...#
#...########
#...§§@§§..##
#...§§§W§...#
##§.§§§§§...####
###........>...
#...#)#######
##.##......#
...#######.#
.#### #.# # #.#


You could see a phantom.

Vanquished Creatures
  An adder (D:3)
  2 dart slugs (D:1)
  An endoplasm (D:1)
  3 giant cockroaches (D:1)
  5 goblins
  2 hobgoblins
  2 quokkas (D:1)
  6 ball pythons
  2 bats (D:1)
  5 frilled lizards
  4 kobolds
  A rat (D:1)
34 creatures vanquished.

Notes
Turn   | Place    | Note
-------+----------+-------------------------------------------
     0 | D:1      | Icepheonix32 the Demonspawn Transmuter began the quest for
                  | the Orb.
     0 | D:1      | Reached XP level 1. HP: 15/15 MP: 3/3
   268 | D:1      | Gained mutation: You are partially covered in icy blue
                  | scales. (AC +2) [demonic ancestry]
   268 | D:1      | Reached XP level 2. HP: 21/21 MP: 3/5
   276 | D:1      | Learned a level 2 spell: Wereblood
   567 | D:1      | Reached skill level 3 in Unarmed Combat
   714 | D:1      | Lost mutation: You have razor-sharp toenails. [demonic
                  | ancestry]
   714 | D:1      | Lost mutation: You have sharp toenails. [demonic ancestry]
   714 | D:1      | Gained mutation: You have large cloven feet. [demonic
                  | ancestry]
   714 | D:1      | Reached XP level 3. HP: 26/27 MP: 4/6
   946 | D:2      | You fall into a shaft and drop 1 floor!
   966 | D:3      | Noticed Sigmund
  1040 | D:4      | Found Ytadab's Distillery.
  1042 | D:4      | Noticed a phantom
  1069 | D:3      | Slain by a phantom

Illustrated notes

Levels and vault maps discovered:
D:1:      tarquinn_simple_flora_water_e, layout_rooms
D:2:      minmay_skewed_foursquare, layout_basic, serial_shops,
          nicolae_shop_stone, hellmonk_ecumenical_altar_slurped_away
D:3:      layout_loops_ring, lemuel_coloured_pillars_altar,
          nicolae_ru_path_of_blood, minitemple, uniq_sigmund
D:4:      layout_rooms, serial_shops, shop

Skill      XL: |  1  2 |
---------------+-------+-----
Unarmed Combat | 3 |  3.3
Dodging        | 2 |  2.0
Fighting       | |  1.7
Stealth        | |  0.6
Spellcasting   | |  2.2
Transmutations | |  1.9

Action                   || total
-------------------------++-------
Melee: Unarmed           ||    93
       Kick              ||    22
       Headbutt          ||     4
 Cast: Beastly Appendage ||    23
  Use: Scroll            ||     1
       Potion            ||     1
Armor: Robe              ||    24
Dodge: Dodged            ||    63
